[Event "Emanuel Lasker Open 2017"]
[Site "Gorzow"]
[Date "2017.06.20"]
[Round "9"]
[White "Gigola, Jacek"]
[Black "Lukasiewicz, Krzysztof"]
[Result "0-1"]
[ECO "A46"]
[WhiteElo "1919"]
[BlackElo "2098"]
[Annotator "NA RC"]
[PlyCount "32"]
[EventDate "2017.??.??"]
[EventType "swiss"]
[EventCountry "POL"]
[SourceTitle "playchess.com"]
[Source "ChessBase"]
[SourceQuality "1"]
[TimeControl "40/5400+30:1800+30"]

1. d4 Nf6 2. Nf3 e6 3. Bf4 c5 4. e3 Qb6 5. Na3 d5 6. Nb5 Na6 7. a4 c4 (7... Be7 $14) 8. c3 {[%emt 0:03:37] LiveBook: 3 Games} Bd7 9. b3 Bxb5 10. axb5 Qxb5 11. Ne5 $2 (11. bxc4 $18 dxc4 12. Ne5) 11... Rc8 (11... Qxb3 $11 {and Black is okay.} 12. Qxb3 cxb3) 12. bxc4 dxc4 13. Ra4 Nb4 14. Nxc4 ({Much weaker is} 14. cxb4 Bxb4+ 15. Ke2 g5 $15) ({White should play} 14. Rxa7 $14 Nc6 15. Nxc4 Nxa7 16. Nd6+ Bxd6 17. Bxb5+ Nxb5 18. Qa4) 14... Rxc4 15. Bxc4 $2 (15. Rxa7 $15 Nc6 16. Ra8+ Kd7 17. Bd3 (17. Bxc4 Qxc4 18. Qc2 b5 $17)) 15... Qxc4 16. Rxb4 $19 (16. cxb4 b5 17. f3 bxa4 18. Qxa4+ Nd7 19. Kf2) 16... Qxc3+ ({Less strong is} 16... Bxb4 17. Qa4+ Ke7 18. Qxb4+ Qxb4 19. cxb4 $15) 0-1

[Event "Emanuel Lasker Open 2017"]
[Site "Gorzow"]
[Date "2017.06.20"]
[Round "9"]
[White "Chyzy, Jakub"]
[Black "Gawronski, Miroslaw"]
[Result "1-0"]
[ECO "B42"]
[WhiteElo "1838"]
[BlackElo "2071"]
[Annotator "NA RC"]
[PlyCount "73"]
[EventDate "2017.??.??"]
[EventType "swiss"]
[EventCountry "POL"]
[SourceTitle "playchess.com"]
[Source "ChessBase"]
[SourceQuality "1"]
[TimeControl "40/5400+30:1800+30"]

1. e4 c5 2. Nf3 e6 3. d4 cxd4 4. Nxd4 a6 5. Bd3 Qc7 6. O-O Nf6 7. Kh1 d6 8. f4 b6 {[%emt 0:00:58] B42: Sicilian: Kan Variation: 5 Bd3} (8... Nbd7 9. Nd2 b6 10. Qe2 Bb7 11. c4 Be7 12. b3 h5 13. Bb2 h4 14. b4 h3 15. g4 Nf8 16. f5 e5 {1-0 (42) Fluvia Poyatos,J (2512)-Lopez Martinez,J (2545) Barcelona 2015}) 9. Nc3 Bb7 10. Bd2 $146 ({Predecessor:} 10. Qe2 Nbd7 11. Bd2 Be7 12. Rae1 Nc5 13. e5 Nfd7 14. f5 dxe5 15. fxe6 fxe6 {0-1 (35) Dobes,V (2220)-Senkyr,M (2134) Czech Republic 2017}) 10... b5 11. a3 Nbd7 12. Qf3 Be7 13. Rae1 Nb6 14. Qh3 Nc4 15. Bc1 Nxa3 $2 (15... Qc5 $11 {and Black has nothing to worry.} 16. Nf3 Nd7) 16. bxa3 O-O-O 17. Bd2 h5 18. Be2 g6 19. Rb1 Ng4 {[%emt 0:05:52] [#]} 20. Bxg4 (20. Ncxb5 $142 $1 axb5 21. Rxb5) 20... hxg4 21. Qxg4 Rh4 22. Qe2 Rdh8 23. h3 Qc5 24. Qd3 Qh5 25. Ncxb5 axb5 26. Rxb5 (26. Rf3 $142) 26... Qg4 (26... Rxh3+ $142 27. Qxh3 Qxh3+ 28. gxh3 Rxh3+ 29. Kg2 Rxa3) 27. Qc4+ Kd8 28. Rxb7 Rxh3+ 29. Kg1 $18 Rh1+ 30. Kf2 Rxf1+ 31. Qxf1 Bf6 32. Nf3 Ke8 33. e5 dxe5 34. Rb8+ Bd8 35. Bb4 f5 36. Qb5+ Kf7 37. Qd7+ 1-0